 Dungeon Crawl Stone Soup version bcrawl-1.23.3 (webtiles) character file.

Game seed: 1351865010574075951

17 Morbidden the Ducker (level 2, 0/34 HPs)
             Began as a Centaur Archaeologist on June 4, 2020.
             Succumbed to a kobold's poison
             ... on level 1 of the Dungeon.
             The game lasted 00:01:24 (622 turns).

Morbidden the Ducker (Centaur Archaeologist)         Turns: 622, Time: 00:01:25

Health: 0/34       AC: 21    Str: 13    XL:     2   Next: 44%
Magic:  2/2        EV:  1    Int: 13    God:
Gold:   13         SH:  0    Dex:  7    Spells: 1/1 levels left

rFire    . . .     SeeInvis .   a - +0 whip
rCold    . . .     Gourm    .   (no shield)
rNeg     + + +     Faith    .   (armour currently unavailable)
rPois    +         Spirit   .   (helmet currently unavailable)
rElec    .         Reflect  .   (cloak currently unavailable)
rCorr    .         Harm     .   (gloves currently unavailable)
MR       .....     NoTele   +   (no barding)
Stlth    ++........             (no amulet)
HPRegen  0.11/turn              (no ring)
MPRegen  0.08/turn              (no ring)

@: lethally poisoned (0 -> -3), tree-form
A: giant
a: no special abilities


You were on level 1 of the Dungeon.
You were not hungry.
You were a tree.
You visited 1 branch of the dungeon, and saw 1 of its levels.

You collected 13 gold pieces.

Inventory:

Hand Weapons
 a - a +0 whip (weapon)
Armour
 b - a +1 robe (melded)
 c - a +1 hat (melded)
 d - a +1 robe
Scrolls
 g - a scroll of magic mapping
 j - a scroll of remove curse
 k - a scroll of identify
Miscellaneous
 f - a dusty tome
Comestibles
 e - a ration {!d}
 h - a chunk of flesh


   Skills:
 * Level 1.6 Fighting
 + Level 1.0 Maces & Flails
 + Level 2.6 Dodging
 - Level 2.0 Stealth


You had one spell level left.
You didn't know any spells.
Your spell library was empty.

Dungeon Overview and Level Annotations

Branches:
Dungeon (1/12)

Altars:
Qazlal
Xom
Zin


Innate Abilities, Weirdness & Mutations

((You have hooves in place of feet.))
((Armour fits poorly on your strangely shaped body.))
((You cover ground very quickly.))
((You have extremely tough skin. (AC +3)))


Message History

* * * LOW HITPOINT WARNING * * *
You feel sick.
* * * LOW HITPOINT WARNING * * *
You feel sick.
You aren't carrying any potions.
Unknown command.
As you read the scroll labeled KAETUCO ZICK, it crumbles to dust.
You feel blessed for a moment.
It was a scroll of remove curse.
* * * LOW HITPOINT WARNING * * *
You feel sick.
Unknown command.
You aren't carrying any potions.
Unknown command.
As you read the scroll labeled OFIGIM LOREER, it crumbles to dust.
It is a scroll of identify.
You don't have any unidentified items.
* * * LOW HITPOINT WARNING * * *
You feel sick.
No path to travel!
You die...

### #.#### ..# #.# ######.#
#.# ######...##.# #.# .
#........##)# #.# #
....####..(.....##.####.# #
#....'........##.#....####
####.####......#.##..........
........'..)♣..'.............
........#..†...#.#.####....##
........#......#.#.# #....##
........########.#.# #......
........# #.... .......
......... ..... .......
......... #...## ##.###
......... ....# ....#


There were no monsters in sight!

Vanquished Creatures
  A dart slug (D:1)
  2 hobgoblins (D:1)
  5 jackals (D:1)
  2 kobolds (D:1)
  A bat (D:1)
  A frilled lizard (D:1)
  2 rats (D:1)
14 creatures vanquished.

Notes
Turn   | Place    | Note
-------+----------+-------------------------------------------
     0 | D:1      | Morbidden the Centaur Archaeologist began the quest for the
                  | Orb.
     0 | D:1      | Reached XP level 1. HP: 16/16 MP: 1/1
   178 | D:1      | Found a shimmering altar of Xom.
   180 | D:1      | Found a shimmering altar of Xom.
   180 | D:1      | Found a stormy altar of Qazlal.
   183 | D:1      | Found a stormy altar of Qazlal.
   183 | D:1      | Found a glowing silver altar of Zin.
   183 | D:1      | Found a shimmering altar of Xom.
   273 | D:1      | Reached skill level 1 in Maces & Flails
   286 | D:1      | Reached XP level 2. HP: 9/23 MP: 2/2
   617 | D:1      | HP: 1/34 [poisoned by a kobold]
   622 | D:1      | Succumbed to a kobold's poison

Skill      XL: |  1 |
---------------+----+-----
Maces & Flails | 1 |  1.0
Fighting       | |  1.6
Dodging        | |  2.6
Stealth        | |  2.0

Action                   || total
-------------------------++-------
Melee: Whip              ||    85
       Kick              ||     8
  Use: Scroll            ||     2
       Potion            ||     1
Armor: Robe              ||    43
       Skin              ||    13
Dodge: Dodged            ||    41
